Cogmind - Beta 9.1 @@@ ROGUE MODE // 2019.10.31 @ 14:06:35 Player: zapruda Result: Destroyed by as-57988 with Assembled Blade Performance ------------- Evolutions (0) 0 Regions Visited (2) 400 Robots Destroyed (27) 135 Value Destroyed (454) 454 Prototype IDs (0) 0 Alien Tech Used (0) 0 Bonus (0) 0 TOTAL SCORE: 989 Bonus ------- None Cogmind --------- Core Integrity 0/250 Matter 208/300 Energy 80/250 System Corruption 0% Temperature Cool (22) Location -10/Mines Parts ------- Power (1) Ion Engine Propulsion (2) VTOL Module VTOL Module Utility (2) Large Storage Unit Weapon Shielding Weapon (2) Heavy EM Pulse Gun Rocket Launcher Inventory (10) Aluminum Leg VTOL Module VTOL Module Hacking Suite Heavy EM Pulse Gun Heavy EM Pulse Gun Heavy EM Pulse Gun Peak State ------------ Power Light Nuclear Core Propulsion VTOL Module VTOL Module Utility Large Storage Unit Weapon Shielding Weapon Heavy EM Pulse Gun Rocket Launcher Inventory Ion Engine Aluminum Leg VTOL Module VTOL Module Hacking Suite Heavy EM Pulse Gun Heavy EM Pulse Gun Heavy EM Pulse Gun [Rating: 14] Favorites ----------- Power Light Nuclear Core Engine Light Ion Engine Power Core Light Nuclear Core Propulsion VTOL Module Treads Light Treads Leg Aluminum Leg Flight Unit VTOL Module Utility Small Storage Unit Device Improved Heat Sink Storage Small Storage Unit Protection Weapon Shielding Weapon EM Pulse Gun Energy Gun EM Pulse Gun Ballistic Gun Assault Rifle Launcher Rocket Launcher Build | -11 -10 -10 ------- Run | Scr Mat Min Slots Evolved . | . . . Power . | . . . Propulsion . | . . . Utility . | . . . Weapon . | . . . Parts Attached 27 | 4 20 3 Power 4 | 1 2 1 Engine 3 | 1 1 1 Core 1 | . 1 . Reactor . | . . . Propulsion 12 | . 12 . Treads 4 | . 4 . Leg 4 | . 4 . Wheel . | . . . Hover . | . . . Flight 4 | . 4 . Utility 4 | 1 3 . Device 1 | . 1 . Storage 2 | 1 1 . Processor . | . . . Hackware . | . . . Protection 1 | . 1 . Artifact . | . . . Weapon 7 | 2 3 2 Energy Gun 4 | 2 1 1 Energy Cannon . | . . . Ballistic Gun 2 | . 2 . Ballistic Cannon . | . . . Launcher 1 | . . 1 Special Weapon . | . . . Impact Weapon . | . . . Slashing Weapon . | . . . Piercing Weapon . | . . . Special Melee Weapon . | . . . Unidentified Prototypes . | . . . Parts Lost 4 | . 4 . Power 1 | . 1 . Propulsion 1 | . 1 . Utility . | . . . Weapon 2 | . 2 . Highest Loss Streak 4 | . 4 . Average Slot Usage (%) 81 | . 81 81 Engine 6 | . 8 . Core 7 | . 5 14 Treads 8 | . 12 . Leg 6 | . 8 . Flight 11 | . 4 28 Storage 14 | . 14 14 Protection 6 | . 3 14 Energy Gun 9 | . 12 3 Ballistic Gun 7 | . 10 . Launcher 1 | . . 6 Naked Turns . | . . . Heaviest Build 29 | 11 23 29 Greatest Support 40 | 3 40 10 Greatest Overweight (x) 3 | 3 3 2 Average Overweight (x) 1 | 2 . 2 Largest Inventory Capacity 10 | 6 10 10 Average Capacity 7 | 5 6 10 Most Carried 10 | 6 9 10 Average Carried 5 | 4 4 9 Final Capacity 10 | 6 10 10 Final Carried 9 | 6 9 7 Class Distribution -------------------- 100% | Mutant Dominant Class ---------------- Mutant | -10/Materials Mutant | -10/Mines Resources | -11 -10 -10 ----------- Run | Scr Mat Min Matter Collected 497 | 182 246 69 Remotely . | . . . Salvage Created 687 | . 554 133 Parts 60 | . 51 9 Haulers Intercepted . | . . . Recyclers Shooed . | . . . Parts Field Recycled . | . . . Retrieved Matter . | . . . Parts Self-Destructed . | . . . Prevented . | . . . Kills | -11 -10 -10 ------- Run | Scr Mat Min Combat Hostiles Destroyed 16 | . 11 5 Guns 9 | . 9 . AOE 7 | . 2 5 Classes Destroyed 7 | . 7 . Worker 2 | . 2 . Builder 3 | . 2 1 Recycler 3 | . 2 1 Operator 2 | . 2 . Watcher 1 | . 1 . Swarmer 9 | . 6 3 Grunt 7 | . 5 2 Best Kill Streak 7 | . 7 7 Combat Bots Only 5 | . 4 5 Max Kills in Single Turn 5 | . 2 5 Gunslinging . | . . . Exploded 3 | . 2 3 Melee . | . . . Uniques/NPCs Destroyed . | . . . Combat | -11 -10 -10 -------- Run | Scr Mat Min Damage Taken 893 | . 616 277 Core 267 | . 153 114 Absorbed by Shields . | . . . Core Remaining (%) 100 | 100 . . Volleys Fired 57 | . 48 9 Largest 2 | . 2 1 Hottest 80 | . 80 45 Shots Fired 86 | . 77 9 Gun 80 | . 77 3 Cannon . | . . . Launcher 6 | . . 6 Special . | . . . Kinetic 29 | . 29 . Thermal . | . . . Explosive 6 | . . 6 Electromagnetic 51 | . 48 3 Robot Hit Streak 11 | . 11 3 Robot Miss Streak 4 | . 4 4 Penetration Max . | . . . Secondary Targets 1 | . 1 . Max Gunslinging Chain 1 | . 1 . Shots Hit Robots 48 | . 43 5 Core Hits 38 | . 26 12 Critical Hits . | . . . Critical Kills . | . . . Critical Parts Destroyed . | . . . Melee Attacks . | . . . Impact . | . . . Slashing . | . . . Piercing . | . . . Sneak Attacks . | . . . Combat Hostiles . | . . . Follow-up Attacks . | . . . Damage Inflicted 1302 | . 762 540 Guns 618 | . 587 31 Cannons . | . . . Explosions 684 | . 175 509 Melee . | . . . Ramming . | . . . Kinetic 227 | . 227 . Thermal 175 | . 175 . Explosive 509 | . . 509 Electromagnetic 391 | . 360 31 Impact . | . . . Slashing . | . . . Piercing . | . . . Highest Corruption . | . . . Average Corruption . | . . . Corruption Purged . | . . . Overload Shots . | . . . Overflow Damage . | . . . Projectiles . | . . . Explosions . | . . . Melee . | . . . Knockbacks . | . . . Impact . | . . . Kinetic . | . . . Secondary . | . . . Self-Inflicted Damage 75 | . 37 38 Shots 2 | . 1 1 Rammed . | . . . Targets Rammed . | . . . Kicked . | . . . Crushed . | . . . Highest Temperature 98 | . 98 48 Average Temperature 28 | . 29 23 Received Heat Transfer 214 | . 126 88 Siege Activations . | . . . Robots Corrupted . | . . . Combat Hostiles . | . . . Parts Fried 1 | . 1 . Impact Corruptions . | . . . Robots Melted . | . . . Combat Hostiles . | . . . Parts Melted . | . . . Heat Transferred 150 | . 150 . Parts Sabotaged . | . . . Parts Stolen . | . . . Parts Stripped . | . . . Power Chain Reactions 2 | . 2 . Missiles Intercepted . | . . . Alert | -11 -10 -10 ------- Run | Scr Mat Min Peak Influence 382 | . 382 207 Average Influence 171 | . 218 128 Maximum Alert Level 1 | . 1 1 Low Security (%) 56 | . . . Level 1 43 | . . . Level 2 . | . . . Level 3 . | . . . Level 4 . | . . . Level 5 . | . . . High Security . | . . . Max Security . | . . . Squads Dispatched 2 | . 2 . Investigation . | . . . Extermination . | . . . Reinforcement 2 | . 2 . Assault . | . . . Garrison . | . . . Intercept . | . . . Construction Impeded . | . . . Haulers Reinforced . | . . . Stealth | -11 -10 -10 --------- Run | Scr Mat Min Distress Signals 1 | . 1 . Communications Jammed . | . . . Distress Signals . | . . . Times Spotted 32 | . 19 13 Peak Tracking Total 8 | . 5 8 Tactical Retreats . | . . . Traps | -11 -10 -10 ------- Run | Scr Mat Min Traps Triggered 2 | . 2 . Indirectly . | . . . Trap Hack Attempts . | . . . Triggered . | . . . Disarmed . | . . . Reprogrammed . | . . . Reused . | . . . Traps Extracted . | . . . Installed . | . . . Triggered 1 | . 1 . Machines | -11 -10 -10 ---------- Run | Scr Mat Min Machines Disabled 3 | . 3 . Max in Single Turn 1 | . 1 . Machines Sabotaged . | . . . Garrisons Compromised . | . . . Overloaded Fab Kills . | . . . Fab Network Shutdowns . | . . . Hacking | -11 -10 -10 --------- Run | Scr Mat Min Machines Accessed 3 | . 3 . Terminals 3 | . 3 . Fabricators . | . . . Repair Stations . | . . . Recycling Units . | . . . Scanalyzers . | . . . Garrison Access . | . . . Total Hacks 8 | . 8 . Successful 7 | . 7 . Failed 1 | . 1 . Catastrophic . | . . . Database Lockouts . | . . . Manual . | . . . Terminals 8 | . 8 . Fabricators . | . . . Repair Stations . | . . . Recycling Units . | . . . Scanalyzers . | . . . Garrison Access . | . . . Terminal Hacks 7 | . 7 . Terminal Index 1 | . 1 . Transport Status 1 | . 1 . Investigation Status 1 | . 1 . Hauler Manifests 2 | . 2 . Registered Components 1 | . 1 . Zone Layout 1 | . 1 . Fabricator Hacks . | . . . Repair Station Hacks . | . . . Recycling Unit Hacks . | . . . Scanalyzer . | . . . Garrison Access Hacks . | . . . Unauthorized Hacks . | . . . Terminals . | . . . Fabricators . | . . . Repair Stations . | . . . Recycling Units . | . . . Scanalyzers . | . . . Garrison Access . | . . . Data Cores Recovered 1 | . 1 . Used . | . . . Hacking Detections 3 | . 3 . Full Trace Events 1 | . 1 . Feedback Events . | . . . Feedback Blocked . | . . . Robot Schematics Acquired . | . . . Robots Built . | . . . Matter . | . . . Time . | . . . Total Robot Build Rating . | . . . Part Schematics Acquired . | . . . Parts Built . | . . . Matter . | . . . Time . | . . . Total Part Build Rating . | . . . Parts Repaired . | . . . Time . | . . . Parts Recycled . | . . . Recycled Matter . | . . . Retrieved Matter . | . . . Retrieved Components . | . . . Parts Scanalyzed . | . . . Part Schematics Acquired . | . . . Parts Damaged . | . . . Bothacking | -11 -10 -10 ------------ Run | Scr Mat Min Used RIF Installer . | . . . Robots Hacked . | . . . Non-combat . | . . . Combat . | . . . Robot Hacks Applied . | . . . Relay Couplers Released . | . . . Robots Rewired . | . . . Allies Hacked . | . . . Hacks Repelled . | . . . Allies | -11 -10 -10 -------- Run | Scr Mat Min Total Allies . | . . . Largest Group . | . . . Highest-Rated Group . | . . . Highest-Rated Ally . | . . . Total Orders . | . . . Ally Attacks . | . . . Total Damage . | . . . Kills . | . . . Allies Corrupted . | . . . Allies Melted . | . . . Intel | -11 -10 -10 ------- Run | Scr Mat Min Robot Analysis Total . | . . . Derelict Logs Recovered 1 | . . 1 Drone Launches . | . . . Drone Recoveries . | . . . Exploration | -11 -10 -10 ------------- Run | Scr Mat Min Turns Passed 775 | 82 488 205 Spaces Moved 350 | 46 211 93 Core 50 | 46 4 . Treads 80 | . 80 . Legs 91 | . 91 . Wheels . | . . . Hover . | . . . Flight 129 | . 36 93 Fastest Speed 50 | 50 117 197 Average Speed 160 | 153 146 197 Slowest Speed 210 | 200 210 197 Overloaded Moves . | . . . Propulsion Burnouts . | . . . Robots Hopped . | . . . Cave-ins Triggered . | . . . Exploration Rate (%) 25 | 4 42 31 Regions Visited 2 Branch Regions 1 Pre-discovered Areas 1 | . . 1 Known Exits Taken . | . . . Unknown Exits Taken 2 | 1 1 . Scrap Searched . | . . . Spaces Dug . | . . . Terrain Destroyed 47 | . 8 39 Melee . | . . . Projectile . | . . . AOE 47 | . 8 39 Actions | -11 -10 -10 --------- Run | Scr Mat Min Total 485 | 58 321 106 Wait 5 | . 5 . Move 348 | 45 210 93 Hop . | . . . Pick Up 35 | 9 25 1 Fast Attach 2 | 1 1 . Attach 23 | 3 17 3 Detach 1 | . 1 . Swap 2 | . 2 . Drop 12 | . 12 . Fire 57 | . 48 9 Melee . | . . . Ram . | . . . Kick . | . . . Crush . | . . . Escape Stasis . | . . . Rewire . | . . . Trap . | . . . Miscellaneous . | . . . Route ------- -11/Scrapyard -10/Materials (discovered 2 exits: [*Mat] / [*Min]) -10/Mines History --------- Turn | Location | Event 7 | -11/Scrapyard | Discovered new exit (range 15) 83 | -11/Scrapyard | Entered Materials 320 | -10/Materials | Build established: Mutant 330 | -10/Materials | Core integrity fell below 50% 358 | -10/Materials | Lost 4 parts (1p1n2w) 397 | -10/Materials | Discovered new exit (range 13) 486 | -10/Materials | Discovered new exit (range 15) 571 | -10/Materials | Entered Mines 602 | -10/Mines | Received a Rocket Launcher from a helpful Derelict 699 | -10/Mines | Core integrity fell below 20% 760 | -10/Mines | A weapon hastily lodged in a ceiling crevice suddenly fell to the ground 763 | -10/Mines | Assembled infested the area 772 | -10/Mines | Learned location of Zion (-7) 776 | -10/Mines | Destroyed by as-57988 with Assembled Blade Last Messages --------------- The unstable cave ceiling collapses. U-05 Engineer lays Concrete. R-06 Scavenger collects Heat Sink. U-05 Engineer lays Concrete. U-05 Engineer builds a Wall. Acquired 5 matter. Acquired 17 matter. The unstable cave ceiling collapses. U-05 Engineer lays Concrete. The unstable cave ceiling collapses. U-05 Engineer lays Concrete. The unstable cave ceiling collapses. U-05 Engineer lays Concrete. U-05 Engineer builds a Wall. A Mak. Axe hastily lodged in a ceiling crevice suddenly falls to the ground. ALERT: Infestation in the mines, dispatching Demolisher response squad. Acquired derelict log, extracted data. World map updated: -7/Zion. Lgt. Nuclear Core severed. Map ----- +----------------------------------------------------+ | ???????????????#####?????# #????????????????????? | | ???????????????? ?##??# #????????????????????? | | ?????????????????# ## ### #????????????????????? | | ?????????????????# # #????????????????????? | | ?????????????????# ## #?#####??????????????? | | ?????????????????# # ### ######?????????? | | ?????????????????# # # ##??####### | | ?????????????????## ##?# | | ??????????????????# #?# | | ??????????????????# #?# #### | | ??????????????????## # # ### #??? | | ???????????????????# ## #??? | | ???????????????????# #### #??? | | ???????????????????# #### # ######??? | | ???????????????????# #??### # #???????? | | ???????????????????# #????### ### #??????? | | ??????????????###### #??????# ##?## #?????? | | ?????????????## #?????# #???## #????? | | ???????????### #?????# #????# #????? | | ??????????## ##?????## ????# ##????? | | ??????????# ##?????# ??? ##?????? | | ??????????## ##????# ??? #??????? | | ???????????## ## / #????## ##?? #??????? | | ????????????###?## ######## ##?? #??????? | | ?????????????????# a aaa #??? ##??????? | | ?????????????????## @aa a ##???????? | | ??????????????????# #######a #????????? | | ?????????????????# ##??????? ?????????? | | ?????????????????# ##???????? ???????????????? | | ????????????????# #????????? ???????????????? | | ??????????????? ??????????????????????????? | | ????????????? ??????????????????????????? | | ???????????? #??????????????????????????? | | ???????????# ##??????????????????????????? | | ????????????# #????????????????????????????? | | ????????????## #?????????????????????????????? | | ?????????????# ??????????????????????????????? | | ???????????????? #??????????????????????????????? | | ?????????????????????????????????????????????????? | | ?????????????????????????????????????????????????? | | ?????????????????????????????????????????????????? | | ?????????????????????????????????????????????????? | | ?????????????????????????????????????????????????? | | ?????????????????????????????????????????????????? | | ?????????????????????????????????????????????????? | | ?????????????????????????????????????????????????? | | ?????????????????????????????????????????????????? | | ?????????????????????????????????????????????????? | | ?????????????????????????????????????????????????? | | ?????????????????????????????????????????????????? | +----------------------------------------------------+ Best States ------------- Heat Dissipation 39 Energy Generation 14 Energy Capacity 250 Matter Stores 300 Matter Capacity 300 Sight Range 16 Terrain Scan Density 10 Weapon Shielding 33 Evasion (%) 50 Recoil Reduction 2 Item Schematics ----------------- None Robot Schematics ------------------ None Fabricated ------------ Nothing Alien Tech Used ----------------- None Achievements -------------- None Challenges ------------ None Game ------ Seed SigixMolecularScreen Manual? 0 Play Time 00:16:54 Cumulative 3.5 hours Start 2019.10.31 @ 13:51:41 End 2019.10.31 @ 14:06:35 Sessions 1 Manual Loads 0 Difficulty Rogue Special Mode None Game No. 9 Rogue 9 Adventurer 0 Explorer 0 Win Type - Total 0 Types 0/0/0/0/0/0/0 Lore% 3 Gallery% 10 Achievement% 4 Wizard Run 0 Options --------- ASCII 0 Keyboard 0 Movement Mouse Keybinds 0 Fullscreen 1 Font 18/SmallcapsGlow Map View 76x50 Tactical HUD 0 Map Filters NONE Filters NONE Steam 1 RUN: b7d4d6d2-6ae1-43eb-b221-44e791ea3743